TOP OF THE 1ST |
Monroe Mallards batting - Pitching for Long Beach KO : LHP Zhong-qi Men
|
Pitching: LHP Zhong-qi Men
|
|
Batting: RHB Anselmo Espinoza
|
0-0: Ball 1-0: Called Strike 1-1: Swinging Strike 1-2: Strikes out swinging
|
Batting: SHB Jerry Vaughn
|
0-0: Ball 1-0: Called Strike 1-1: Foul Ball, location: 2F 1-2: SOLO HOME RUN (Flyball, 7LD), Distance : 367 ft
|
Batting: RHB Shannon Watson
|
0-0: Ball 1-0: Swinging Strike 1-1: Ball 2-1: Ball 3-1: Base on Balls
|
Batting: LHB José Trindade
|
0-0: Swinging Strike 0-1: Ball 1-1: Fly out, F9 (Line Drive, 89D)
|
Batting: RHB David Leslie
|
0-0: Ball 1-0: Ball 2-0: Ball 3-0: Base on Balls Shannon Watson to second
|
Batting: RHB Anthony O'Bryan
|
0-0: Ball 1-0: Ball 2-0: Called Strike 2-1: Fielders Choice at 2nd, 6-4 (Groundball, 6)
|
Top of the 1st over - 1 run, 1 hit, 0 errors, 2 left on base; Monroe 1 - Long Beach 0 |
BOTTOM OF THE 1ST |
Long Beach KO batting - Pitching for Monroe Mallards : LHP Esteban Quintana
|
Pitching: LHP Esteban Quintana
|
|
Batting: RHB Gabriel Sánchez
|
0-0: Ball 1-0: Fly out, F7 (Line Drive, 78S)
|
Batting: RHB Rodrigo Flores
|
0-0: Ball 1-0: Ball 2-0: Fly out, F9 (Flyball, 9S)
|
Batting: RHB Ralph Petit
|
0-0: Ball 1-0: Foul Ball, location: 2F 1-1: Ground out 1-3 (Groundball, P)
|
Bottom of the 1st over - 0 runs, 0 hits, 0 errors, 0 left on base; Monroe 1 - Long Beach 0 |
TOP OF THE 2ND |
Monroe Mallards batting - Pitching for Long Beach KO : LHP Zhong-qi Men
|
Batting: RHB Jorge Vázquez
|
0-0: Ball 1-0: Called Strike 1-1: Foul Ball, location: 2F 1-2: Foul Ball, location: 2F 1-2: Strikes out looking
|
Batting: RHB Rafael Rivera
|
0-0: Ball 1-0: Foul Ball, location: 2F 1-1: Swinging Strike 1-2: Fly out, F7 (Flyball, 78D)
|
Pitching: RHP Edward Underwood
|
|
Batting: RHB Benito Bo
|
0-0: Foul Ball, location: 2F 0-1: Called Strike 0-2: Ball 1-2: Ball 2-2: Ball 3-2: Base on Balls
|
Batting: RHB Anselmo Espinoza
|
0-0: Foul Ball, location: 2F 0-1: Foul Ball, location: 2F 0-2: Foul Ball, location: 2F 0-2: Ball 1-2: Foul Ball, location: 2F 1-2: Foul Ball, location: 2F 1-2: Fly out, F8 (Flyball, 89D)
|
Top of the 2nd over - 0 runs, 0 hits, 0 errors, 1 left on base; Monroe 1 - Long Beach 0 |
BOTTOM OF THE 2ND |
Long Beach KO batting - Pitching for Monroe Mallards : LHP Esteban Quintana
|
Batting: RHB Cristián Romano
|
0-0: Called Strike 0-1: Swinging Strike 0-2: Ball 1-2: Strikes out swinging
|
Batting: RHB Alec Bowers
|
0-0: Called Strike 0-1: Ball 1-1: Fly out, F3 (Popup, 3SF)
|
Batting: LHB Michael Keller
|
0-0: Called Strike 0-1: DOUBLE (Line Drive, 9LS)
|
Batting: RHB Gianmaria Pianta
|
0-0: Foul Ball, location: 2F 0-1: Called Strike 0-2: Strikes out swinging
|
Bottom of the 2nd over - 0 runs, 1 hit, 0 errors, 1 left on base; Monroe 1 - Long Beach 0 |
TOP OF THE 3RD |
Monroe Mallards batting - Pitching for Long Beach KO : RHP Edward Underwood
|
Batting: SHB Jerry Vaughn
|
0-0: Called Strike 0-1: Ground out U3 (Groundball, 34)
|
Batting: RHB Shannon Watson
|
0-0: Ball 1-0: Ground out 4-3 (Groundball, 34)
|
Batting: LHB José Trindade
|
0-0: Called Strike 0-1: Ball 1-1: Called Strike 1-2: Foul Ball, location: 2F 1-2: Fly out, F8 (Line Drive, 8RM)
|
Top of the 3rd over - 0 runs, 0 hits, 0 errors, 0 left on base; Monroe 1 - Long Beach 0 |
BOTTOM OF THE 3RD |
Long Beach KO batting - Pitching for Monroe Mallards : LHP Esteban Quintana
|
Batting: SHB Juan Pérez
|
0-0: Called Strike 0-1: Fly out, F7 (Flyball, 7LM)
|
Batting: RHB Eduardo Collazo
|
0-0: Called Strike 0-1: Ball 1-1: Ground out 6-3 (Groundball, 56)
|
Batting: RHB Gabriel Sánchez
|
0-0: Ball 1-0: SINGLE (Flyball, 89M)
|
Batting: RHB Rodrigo Flores
|
0-0: Ball 1-0: Fly out, F8 (Line Drive, 8LM)
|
Bottom of the 3rd over - 0 runs, 1 hit, 0 errors, 1 left on base; Monroe 1 - Long Beach 0 |
TOP OF THE 4TH |
Monroe Mallards batting - Pitching for Long Beach KO : RHP Edward Underwood
|
Batting: RHB David Leslie
|
0-0: Fly out, F3 (Popup, 3)
|
Batting: RHB Anthony O'Bryan
|
0-0: Ball 1-0: Ball 2-0: Ground out 6-3 (Groundball, 6)
|
Batting: RHB Jorge Vázquez
|
0-0: Called Strike 0-1: Ball 1-1: Fly out, F8 (Flyball, 8LD)
|
Top of the 4th over - 0 runs, 0 hits, 0 errors, 0 left on base; Monroe 1 - Long Beach 0 |
BOTTOM OF THE 4TH |
Long Beach KO batting - Pitching for Monroe Mallards : LHP Esteban Quintana
|
Batting: RHB Ralph Petit
|
0-0: Ball 1-0: Called Strike 1-1: SINGLE (Groundball, 3S) (infield hit)
|
Batting: RHB Cristián Romano
|
Balk! Ralph Petit to second 0-0: Ball 1-0: Ground out 4-3 (Groundball, 4) Ralph Petit to third
|
Batting: RHB Alec Bowers
|
0-0: Called Strike 0-1: Ball 1-1: Fly out, F9 (Flyball, 9) Runner from 3rd tags up, SCORES, throw made
|
Batting: LHB Michael Keller
|
0-0: SINGLE (Line Drive, 3D)
|
Batting: RHB Gianmaria Pianta
|
0-0: Ball 1-0: Foul Ball, location: 2F 1-1: Foul Ball, location: 2F 1-2: Ball 2-2: Ground out 4-3 (Groundball, 4M)
|
Bottom of the 4th over - 1 run, 2 hits, 0 errors, 1 left on base; Monroe 1 - Long Beach 1 |
TOP OF THE 5TH |
Monroe Mallards batting - Pitching for Long Beach KO : RHP Edward Underwood
|
Batting: RHB Rafael Rivera
|
0-0: Called Strike 0-1: Ball 1-1: Swinging Strike 1-2: Fly out, F9 (Flyball, 89S)
|
Batting: RHB Benito Bo
|
0-0: Swinging Strike 0-1: Called Strike 0-2: Strikes out swinging
|
Batting: RHB Anselmo Espinoza
|
0-0: Ball 1-0: Foul Ball, location: 2F 1-1: Swinging Strike 1-2: SINGLE (Flyball, 9LS)
|
Batting: SHB Jerry Vaughn
|
0-0: Called Strike Anselmo Espinoza steals 2nd base 0-1: Foul Ball, location: 2F 0-2: Ball 1-2: Ball 2-2: Strikes out swinging
|
Top of the 5th over - 0 runs, 1 hit, 0 errors, 1 left on base; Monroe 1 - Long Beach 1 |
BOTTOM OF THE 5TH |
Long Beach KO batting - Pitching for Monroe Mallards : LHP Esteban Quintana
|
Batting: SHB Juan Pérez
|
0-0: Swinging Strike 0-1: Ball 1-1: Foul Ball, location: 2F 1-2: Ball 2-2: Fly out, F8 (Line Drive, 8RM)
|
Batting: RHB Eduardo Collazo
|
0-0: Ball 1-0: Ball 2-0: SINGLE (Popup, 5D)
|
Batting: RHB Gabriel Sánchez
|
0-0: SINGLE (Line Drive, 78M) Eduardo Collazo to second
|
Batting: RHB Rodrigo Flores
|
0-0: Ball 1-0: Called Strike Eduardo Collazo steals 3rd base Gabriel Sánchez to second 1-1: Foul Ball, location: 2F 1-2: Strikes out swinging
|
Batting: RHB Ralph Petit
|
0-0: Fly out, F5 (Line Drive, 5S)
|
Bottom of the 5th over - 0 runs, 2 hits, 0 errors, 2 left on base; Monroe 1 - Long Beach 1 |
TOP OF THE 6TH |
Monroe Mallards batting - Pitching for Long Beach KO : RHP Edward Underwood
|
Batting: RHB Shannon Watson
|
0-0: Ball 1-0: Ball 2-0: Foul Ball, location: 2F 2-1: Ground out 6-3 (Groundball, 6)
|
Batting: LHB José Trindade
|
0-0: Ball 1-0: Fly out, F7 (Flyball, 7S)
|
Batting: RHB David Leslie
|
0-0: Called Strike 0-1: Ground out 4-3 (Groundball, 4)
|
Top of the 6th over - 0 runs, 0 hits, 0 errors, 0 left on base; Monroe 1 - Long Beach 1 |
BOTTOM OF THE 6TH |
Long Beach KO batting - Pitching for Monroe Mallards : LHP Esteban Quintana
|
Batting: RHB Cristián Romano
|
0-0: Called Strike 0-1: Ball 1-1: Ball 2-1: Ball 3-1: Foul Ball, location: 2F 3-2: Ground out 6-3 (Groundball, 6)
|
Batting: RHB Alec Bowers
|
0-0: Ball 1-0: Fly out, F9 (Flyball, 9LSF)
|
Batting: LHB Michael Keller
|
0-0: SINGLE (Groundball, 4MD)
|
Batting: RHB Gianmaria Pianta
|
0-0: Ground out 4-3 (Groundball, 4)
|
Bottom of the 6th over - 0 runs, 1 hit, 0 errors, 1 left on base; Monroe 1 - Long Beach 1 |
TOP OF THE 7TH |
Monroe Mallards batting - Pitching for Long Beach KO : RHP Edward Underwood
|
Batting: RHB Anthony O'Bryan
|
0-0: Ball 1-0: Swinging Strike 1-1: Ball 2-1: Ball 3-1: Swinging Strike 3-2: Ground out 5-3 (Groundball, 5S)
|
Batting: RHB Jorge Vázquez
|
0-0: Ball 1-0: DOUBLE (Line Drive, 89D)
|
Batting: RHB Rafael Rivera
|
0-0: Intentional Walk
|
Batting: RHB Benito Bo
|
0-0: Ball 1-0: Ball 2-0: Ball 3-0: Called Strike 3-1: Base on Balls Jorge Vázquez to third Rafael Rivera to second
|
Batting: RHB Anselmo Espinoza
|
0-0: Called Strike 0-1: Foul Ball, location: 2F 0-2: Grounds into fielders choice 6-2 (Groundball, 6) Rafael Rivera to third Benito Bo to second
|
Batting: SHB Jerry Vaughn
|
0-0: Ball 1-0: Swinging Strike 1-1: Called Strike 1-2: Ball 2-2: Strikes out swinging
|
Top of the 7th over - 0 runs, 1 hit, 0 errors, 3 left on base; Monroe 1 - Long Beach 1 |
BOTTOM OF THE 7TH |
Long Beach KO batting - Pitching for Monroe Mallards : LHP Esteban Quintana
|
Batting: SHB Juan Pérez
|
0-0: Ball 1-0: Ball 2-0: SINGLE (Groundball, 34D)
|
Batting: RHB Eduardo Collazo
|
0-0: Ball 1-0: Ball 2-0: Ball 3-0: Called Strike 3-1: Reached on error, E5 (Groundball, 56) Juan Pérez to second
|
Batting: RHB Gabriel Sánchez
|
0-0: Ball 1-0: Called Strike 1-1: Called Strike 1-2: Grounds into double play, 6-4-3 (Groundball, 6) Juan Pérez to third
|
Batting: RHB Rodrigo Flores
|
0-0: Foul Ball, location: 2F 0-1: Foul Ball, location: 2F 0-2: Foul Ball, location: 2F 0-2: Ball 1-2: SINGLE (Groundball, 56D) Juan Pérez scores
|
Batting: RHB Ralph Petit
|
0-0: Ball 1-0: Ground out 4-3 (Groundball, 4M)
|
Bottom of the 7th over - 1 run, 2 hits, 1 error, 1 left on base; Monroe 1 - Long Beach 2 |
TOP OF THE 8TH |
Monroe Mallards batting - Pitching for Long Beach KO : RHP Edward Underwood
|
Now in RF: Otis Johnston
|
|
Batting: RHB Shannon Watson
|
0-0: Foul Ball, location: 2F 0-1: Called Strike 0-2: Ball 1-2: Foul Ball, location: 2F 1-2: Ball 2-2: Foul Ball, location: 2F 2-2: Foul Ball, location: 2F 2-2: Fly out, F4 (Popup, 4S)
|
Batting: LHB José Trindade
|
0-0: Ball 1-0: Called Strike 1-1: Called Strike 1-2: Foul Ball, location: 2F 1-2: Ball 2-2: Foul Ball, location: 2F 2-2: Ground out U3 (Groundball, 34)
|
Batting: RHB David Leslie
|
0-0: Ball 1-0: Ball 2-0: Foul Ball, location: 2F 2-1: Ball 3-1: Fly out, F7 (Line Drive, 7)
|
Top of the 8th over - 0 runs, 0 hits, 0 errors, 0 left on base; Monroe 1 - Long Beach 2 |
BOTTOM OF THE 8TH |
Long Beach KO batting - Pitching for Monroe Mallards : LHP Esteban Quintana
|
Batting: RHB Cristián Romano
|
0-0: Called Strike 0-1: Called Strike 0-2: Ball 1-2: Ball 2-2: Fly out, F8 (Flyball, 89D)
|
Batting: RHB Alec Bowers
|
0-0: Ball 1-0: Ball 2-0: Fly out, F9 (Flyball, 9LD)
|
Batting: LHB Michael Keller
|
0-0: Called Strike 0-1: Ball 1-1: Foul Ball, location: 2F 1-2: Strikes out swinging
|
Bottom of the 8th over - 0 runs, 0 hits, 0 errors, 0 left on base; Monroe 1 - Long Beach 2 |
TOP OF THE 9TH |
Monroe Mallards batting - Pitching for Long Beach KO : RHP Edward Underwood
|
Pitching: RHP Carlos Pérez
|
|
Now at 1B: Wilson Serrano
|
|
Now at 3B: Ken Jenkins
|
|
Now at SS: Kent Matthews
|
|
Batting: RHB Anthony O'Bryan
|
0-0: Called Strike 0-1: Ball 1-1: Ball 2-1: Ball 3-1: Called Strike 3-2: Strikes out swinging
|
Batting: RHB Jorge Vázquez
|
0-0: Ball 1-0: Swinging Strike 1-1: Swinging Strike 1-2: Strikes out swinging
|
Batting: RHB Rafael Rivera
|
0-0: SINGLE (Groundball, 4MD)
|
Batting: RHB Benito Bo
|
0-0: Ball 1-0: Foul Ball, location: 2F 1-1: Called Strike 1-2: SINGLE (Line Drive, 56D) Rafael Rivera to second
|
Batting: RHB Anselmo Espinoza
|
0-0: Ball 1-0: Ball 2-0: Called Strike 2-1: Foul Ball, location: 2F 2-2: Strikes out swinging
|
Top of the 9th over - 0 runs, 2 hits, 0 errors, 2 left on base; Monroe 1 - Long Beach 2 |
|